 Dungeon Crawl Stone Soup version 0.27-a0-1281-ge233d83751 (webtiles) character file.

Game seed: 3083624695707713036

325 BlueGoblin the Covered (level 6, -11/52 HPs)
             Began as a Minotaur Fighter on June 14, 2021.
             Was an Initiate of Cheibriados.
             Mangled by an ogre (19 damage)
             ... on level 5 of the Dungeon.
             The game lasted 00:10:04 (5712 turns).

BlueGoblin the Covered (Minotaur Fighter)           Turns: 5712, Time: 00:10:04

Health: -11/52     AC: 11    Str: 23    XL:     6   Next: 24%
Magic:  2/5        EV:  8    Int:  6    God:    Cheibriados [......]
Gold:   76         SH: 11    Dex: 11    Spells: 5/5 levels left

rFire    . . .     SeeInvis .   a - +1 long sword
rCold    . . .     Faith    .   c - +1 kite shield
rNeg     . . .     Spirit   .   b - +0 scale mail
rPois    .         Reflect  .   (helmet restricted)
rElec    .         Harm     .   j - +0 cloak
rCorr    .         Rampage  .   r - +1 pair of gloves {archery}
Will     .....                  (no boots)
Stlth    ..........             (no amulet)
HPRegen  0.17/turn              (no ring)
MPRegen  0.09/turn              (no ring)

@: very slow
A: horns 2, retaliatory headbutt
a: Renounce Religion, Bend Time


You were on level 5 of the Dungeon.
You worshipped Cheibriados.
Cheibriados was noncommittal.
You visited 2 branches of the dungeon, and saw 6 of its levels.

You collected 271 gold pieces.
You spent 195 gold pieces at shops.

Inventory:

Hand Weapons
 a - a +1 long sword (weapon)
Missiles
 o - 15 poisoned darts
 p - 2 javelins (quivered)
Armour
 b - a +0 scale mail (worn)
 c - a +1 kite shield (worn)
 j - a +0 cloak (worn)
 r - a +1 pair of gloves of archery (worn)
Wands
 h - a wand of iceblast (14)
Scrolls
 f - a scroll of holy word
 s - a scroll of fog
 t - a scroll of identify
 u - a scroll of teleportation {unknown}
Potions
 d - 2 potions of might
 e - 2 potions of heal wounds {unknown}
 g - a potion of ambrosia {unknown}
 i - a potion of magic {unknown}
 k - 2 potions of flight {unknown}
 l - a potion of invisibility {unknown}
 m - a potion of attraction {unknown}
 n - a potion of degeneration {unknown}
 q - a potion of lignification {unknown}


   Skills:
 + Level 4.2 Fighting
 + Level 4.4 Long Blades
 + Level 0.1 Throwing
 + Level 5.7 Armour
 + Level 1.6 Dodging
 + Level 0.6 Stealth
 + Level 5.0 Shields


You had 5 spell levels left.
You didn't know any spells.
Your spell library contained the following spells:

 Spells                   Type           Power      Damage    Failure   Level
 Animate Skeleton         Necr           0%         N/A       99%         1
 Apportation              Tloc           0%         N/A       99%         1
 Corona                   Hex            0%         N/A       99%         1
 Shock                    Conj/Air       0%         1d3       99%         1
 Summon Small Mammal      Summ           0%         N/A       99%         1
 Call Imp                 Summ           0%         N/A       100%        2
 Static Discharge         Conj/Air       0%         N/A       100%        2
 Call Canine Familiar     Summ           0%         N/A       100%        3
 Summon Guardian Golem    Hex/Summ       0%         N/A       100%        3
 Swiftness                Air            0%         N/A       100%        3
 Airstrike                Air            0%         N/A       100%        4
 Summon Ice Beast         Ice/Summ       0%         N/A       100%        4
 Summon Lightning Spire   Summ/Air       0%         N/A       100%        4
 Lightning Bolt           Conj/Air       0%         1d11      100%        5


Dungeon Overview and Level Annotations

Branches:
Dungeon (5/15)             Temple (1/1) D:5

Altars:
Cheibriados
Elyvilon
Fedhas
Hepliaklqana
Kikubaaqudgha
Makhleb
Nemelex Xobeh
Okawaru
Qazlal
Ru
Trog
Wu Jian
Xom
Zin
The Shining One

Shops:
D:5 [


Innate Abilities, Weirdness & Mutations

You have a pair of horns on your head.
You reflexively headbutt those who attack you in melee.


Message History

The iguana closely misses you. You furiously retaliate!
You headbutt the iguana!
You riposte.
You hit the iguana but do no damage. Your headbutt misses the iguana.
The iguana is almost dead.
You closely miss the iguana. Your headbutt misses the iguana.
The iguana is almost dead.
The iguana closely misses you. You furiously retaliate!
You headbutt the iguana, but do no damage.
You block the iguana's attack.
You barely miss the iguana. You headbutt the iguana.
You kill the iguana!
Cheibriados thoroughly appreciates the change of pace.
Found an ancient bone altar of Kikubaaqudgha.
Found an escape hatch in the floor.
Found 21 stones.
Found a helmet.
Found a stone staircase leading down.
You now have 76 gold pieces (gained 17).
You see here 21 stones.
Found a stone staircase leading up.
There is a stone staircase leading up here.
Found a flail.
You see here a +0 flail.
t - a scroll of identify
Found a whip.
You see here a +0 whip.
u - a scroll labelled CEAKOO AFFOAMO An ogre comes into view.
It is wielding a +0 giant club.
The ogre shouts!
The ogre hits you with a +0 giant club!
You slash the ogre! You headbutt the ogre!
The ogre is heavily wounded.
The ogre hits you with a +0 giant club!!
You hit the ogre.
The ogre is severely wounded.
The ogre hits you with a +0 giant club!
* * * LOW HITPOINT WARNING * * *
Okay, then.
The flow of time bends around you.
The ogre resists with some effort.
The ogre hits you with a +0 giant club!!
You die...

....# #.# ####.#
#.###.# #.# . #.##..#
#.# .# #.##.## #.#
#.# #.##.# #.#
##.######### #.##.#
#.# .#.........#
#.##.#
.###.#####.#####.##.#
.# #)#
#...)..@O..#### .#
#.# #######.......#
.# #.# #######.#
.###.## .#
......######## .#
.............. O#
.........#...# # .#
....#....#[⌠.# .## .#
.......###...###..#
.#


You could see an ogre.

Vanquished Creatures
  2 lemures (D:4)
  A bullfrog (D:5)
  A hound (D:5)
  Crazy Yiuf (D:3)
  2 iguanas
  Ijyb (D:3)
  Robin (D:3)
  2 adders
  An adder skeleton (D:4)
  A dart slug (D:1)
  3 orcs (D:2)
  5 endoplasms
  2 giant cockroaches
  14 goblins
  8 hobgoblins
  14 jackals
  4 quokkas
  6 ball pythons
  4 bats
  4 frilled lizards
  8 kobolds
  3 rats
88 creatures vanquished.

Notes
Turn   | Place    | Note
-------+----------+-------------------------------------------
     0 | D:1      | BlueGoblin the Minotaur Fighter began the quest for the
                  | Orb.
     0 | D:1      | Reached XP level 1. HP: 19/19 MP: 0/0
   295 | D:1      | Reached XP level 2. HP: 24/27 MP: 1/1
   932 | D:2      | Reached XP level 3. HP: 19/33 MP: 2/2
  1835 | D:3      | Noticed Robin
  1840 | D:3      | Killed Robin
  1841 | D:3      | Reached skill level 1 in Dodging
  1841 | D:3      | Reached XP level 4. HP: 29/40 MP: 3/3
  3244 | D:3      | Noticed Ijyb
  3262 | D:3      | Killed Ijyb
  3408 | D:3      | Found a runed translucent door.
  3409 | D:3      | Noticed Crazy Yiuf
  3415 | D:3      | Killed Crazy Yiuf
  3416 | D:3      | Reached skill level 5 in Armour
  3416 | D:3      | Reached XP level 5. HP: 46/46 MP: 4/4
  4176 | D:4      | Found a sacrificial altar of Ru.
  4343 | D:4      | Noticed a lemure
  4343 | D:4      | Noticed a lemure
  4368 | D:4      | Killed a lemure
  4560 | D:4      | Noticed a lemure
  4578 | D:4      | Killed a lemure
  4860 | D:4      | Found a hazy altar of Hepliaklqana.
  4975 | D:5      | Entered Level 5 of the Dungeon
  5034 | D:5      | Reached XP level 6. HP: 44/52 MP: 5/5
  5086 | D:5      | Found Komer's Antique Armour Boutique.
  5094 | D:5      | Bought a pair of glowing gloves for 195 gold pieces
  5115 | D:5      | Reached skill level 5 in Shields
  5136 | D:5      | Found a staircase to the Ecumenical Temple.
  5155 | Temple   | Entered the Ecumenical Temple
  5302 | Temple   | Became a worshipper of Cheibriados the Contemplative
  5483 | D:5      | Found a glowing golden altar of the Shining One.
  5571 | D:5      | Found an ancient bone altar of Kikubaaqudgha.
  5712 | D:5      | Mangled by an ogre

Illustrated notes

Levels and vault maps discovered:
D:1:      ebering_hopf_link, layout_rooms
D:2:      layout_loops_cross, st_stairs_14, minmay_misc_feat_nine_boxes,
          guppyfry_early_orc_mine
D:3:      layout_rooms, uniq_robin, uniq_ijyb, uniq_crazy_yiuf_cottage
D:4:      layout_loops_ring, nicolae_hepliaklqana_hippocampus,
          nicolae_ru_awakened_eye, uniq_pikel
D:5:      layout_loops_ring, general_overflow_altar, tso_altar,
          marbit_many_paths, minmay_temple_entry_junction_2,
          portal_sewer_entry_e, serial_shops, nicolae_shop_overgrown_old_shop
Temple:   minmay_temple_curvy_loop

Skill      XL: |  1  2  3  4  5  6 |
---------------+-------------------+-----
Armour         | 4 5 |  5.7
Shields        | 4 5 |  5.0
Long Blades    | 3 4 |  4.4
Dodging        | 1 |  1.6
Fighting       | 4 |  4.2
Throwing       | |  0.1
Stealth        | |  0.6

Action                   |  1- 3 |  4- 6 || total
-------------------------+-------+-------++-------
Melee: Long sword        |   117 |   106 ||   223
       Headbutt          |    24 |    21 ||    45
Throw: Boomerang         |     3 |       ||     3
Invok: Bend Time         |       |     1 ||     1
  Use: Scroll            |     2 |     2 ||     4
       Potion            |       |     1 ||     1
Armor: Scale mail        |    40 |    31 ||    71
Dodge: Dodged            |    32 |    37 ||    69
Block: Kite shield       |    72 |    60 ||   132
       Rpst.: Long sword |     6 |    15 ||    21

Table legend: (Time is in decaauts)
 A = Elapsed time spent in this place.
 B = Non-inter-level travel time spent in this place.
 C = Inter-level travel time spent in this place.
 D = Time resting spent in this place.
 E = Time spent auto-exploring this place.
 F = Levels seen in this place.
 G = Mean time per level.
                   A        B        C        D        E       F      G
               +--------+--------+--------+--------+--------+-----+--------+
         Total |   5924 |   5625 |    299 |   2134 |   2624 |   6 |  987.3 |
       Dungeon |   5642 |   5370 |    272 |   2134 |   2389 |   5 | 1128.4 |
        Temple |    281 |    254 |     27 |      0 |    235 |   1 |  281.0 |
               +--------+--------+--------+--------+--------+-----+--------+

Top non-repeatable levels by time:
     D:3: 1837 daAuts
     D:2: 1396 daAuts
     D:4: 1280 daAuts
     D:5: 568 daAuts
     D:1: 559 daAuts
  Temple: 281 daAuts
